 Dungeon Crawl Stone Soup version 0.30-a0-7-g94fe547ab8 (webtiles) character file.

Game seed: 5814868919391859619

29 Nedwor the Cutter (level 3, 28/28 HPs)
             Began as a Demonspawn Gladiator on Aug 23, 2022.
             Quit the game on level 2 of the Dungeon.
             The game lasted 00:01:18 (1736 turns).

Nedwor the Cutter (Demonspawn Gladiator)            Turns: 1736, Time: 00:01:19

Health: 28/28      AC:  8    Str: 16    XL:     3   Next: 1%
Magic:  3/3        EV:  7    Int:  9    God:
Gold:   73         SH:  0    Dex: 14    Spells: 2/2 levels left

rFire   . . .      SeeInvis .    a - +0 rapier
rCold   . . .      Faith    .    (no shield)
rNeg    . . .      Spirit   .    h - +0 chain mail
rPois   .          Reflect  .    (helmet restricted)
rElec   .          Harm     .    (no cloak)
rCorr   .          Rampage  .    (no gloves)
Will    .....                    (no boots)
Stlth   ..........               (no amulet)
HPRegen 0.09/turn                (no ring)
MPRegen 0.08/turn                (no ring)

@: no status effects
A: antennae 1, demonic guardian 1
a: no special abilities


You were on level 2 of the Dungeon.
You visited 1 branch of the dungeon, and saw 2 of its levels.

You collected 73 gold pieces.

Inventory:

Hand Weapons
 a - a +0 rapier (weapon)
Armour
 c - a +0 helmet
 h - a +0 chain mail (worn)
Scrolls
 b - 4 scrolls of identify {unknown}
 f - a scroll of torment {unknown}
 i - a scroll of enchant armour {unknown}
 j - a scroll of blinking {unknown}
 k - a scroll of teleportation {unknown}
Potions
 d - a potion of mutation {unknown}
 e - a potion of lignification {unknown}
 g - a potion of brilliance {unknown}


   Skills:
 + Level 2.3 Fighting
 * Level 3.2 Short Blades
 - Level 1.7 Throwing
 + Level 0.8 Armour
 + Level 2.9 Dodging


You had 2 spell levels left.
You didn't know any spells.
Your spell library was empty.

Dungeon Overview and Level Annotations

Branches:
Dungeon (2/15)

Altars:


Innate Abilities, Weirdness & Mutations

You have a pair of small antennae on your head.
A weak demonic guardian rushes to your aid.


Message History

You hit the endoplasm.
You kill the endoplasm!
The frilled lizard closely misses you.
You barely miss the frilled lizard.
The frilled lizard bites you but does no damage.
The frilled lizard barely misses you.
You hit the frilled lizard.
You kill the frilled lizard!
No target in view!
No target in view!
No target in view!
No target in view!
No target in view!
No target in view!
No target in view!
No target in view!
No target in view!
HP restored.
You see here a frilled lizard corpse.
A bat comes into view.
A bat is nearby!
A bat is nearby!
A bat is nearby!
A bat is nearby!
The bat barely misses you.
You closely miss the bat. The bat completely misses you.
The bat hits you but does no damage.
You closely miss the bat. The bat closely misses you.
The bat hits you but does no damage.
You hit the bat.
You kill the bat!
You have reached level 3!
Your experience leads to an increase in your attributes!
Increase (S)trength, (I)ntelligence, or (D)exterity?
You feel stronger. x2; Your demonic ancestry asserts itself...
A pair of antennae grows on your head!
Your +0 helmet falls away!
b - 4 scrolls labelled KEUK IXACAUTAN (gained 1)
Found a ring mail.
Are you sure you want to abandon this character and quit the game? (Confirm with "yes".)

..... [... ### ...#
.... .. ...# .....
#...## .. ..##.....
#....##.. ........
#....~.PP #....####
#...~~~~.
######........
..#..~~~. #.....@...#
..#.~~~~. #.........#
..†.~~~~. +.........+
#...P~... #.....#####
...########(....####
#...................
#.#####.###..........
......#.###..........
..###.#..............


There were no monsters in sight!

Vanquished Creatures
  An endoplasm (D:2)
  A giant cockroach (D:1)
  3 goblins
  4 jackals (D:1)
  A kobold (D:1)
  2 quokkas (D:1)
  2 ball pythons (D:1)
  4 bats
  4 frilled lizards
  A rat (D:2)
23 creatures vanquished.

Vanquished Creatures (collateral kills)
  A worm (D:2)
  A rat (D:2)
2 creatures vanquished.

Grand Total: 25 creatures vanquished

Notes
Turn   | Place    | Note
-------+----------+-------------------------------------------
     0 | D:1      | Nedwor the Demonspawn Gladiator began the quest for the
                  | Orb.
     0 | D:1      | Reached XP level 1. HP: 16/16 MP: 1/1
   177 | D:1      | Gained mutation: A weak demonic guardian rushes to your
                  | aid. [demonic ancestry]
   177 | D:1      | Reached XP level 2. HP: 19/22 MP: 2/2
   324 | D:1      | Reached skill level 3 in Short Blades
  1227 | D:1      | Found a faded altar of an unknown god.
  1725 | D:2      | Gained mutation: You have a pair of small antennae on your
                  | head. [demonic ancestry]
  1725 | D:2      | Reached XP level 3. HP: 28/28 MP: 3/3
  1736 | D:2      | Quit the game

Illustrated notes

Levels and vault maps discovered:
D:1:      noname_arrival_rooms_in_the_neighbourhood, layout_basic,
          shapermc_ecumenical_altar_mp_urbaneastern
D:2:      layout_basic, serial_undead, serial_undead_b, serial_undead_e,
          serial_undead_f, serial_undead_c, serial_undead_a, serial_undead_a,
          serial_undead_b, serial_undead_a, chequers_decorated_corner,
          minmay_pentomino_u4

Skill      XL: |  1  2 |
---------------+-------+-----
Short Blades   | 3 |  3.2
Fighting       | |  2.3
Throwing       | |  1.7
Armour         | |  0.8
Dodging        | |  2.9

Action                   || total
-------------------------++-------
Melee: Rapier            ||    71
       Punch             ||     1
  Use: Scroll            ||     2
Armor: Leather armour    ||    12
       Chain mail        ||    27
Dodge: Dodged            ||    35

Table legend: (Time is in decaauts)
 A = Elapsed time spent in this place.
 B = Non-inter-level travel time spent in this place.
 C = Inter-level travel time spent in this place.
 D = Time resting spent in this place.
 E = Time spent auto-exploring this place.
 F = Levels seen in this place.
 G = Mean time per level.
                   A        B        C        D        E       F      G
               +--------+--------+--------+--------+--------+-----+--------+
         Total |   1739 |   1704 |     35 |    695 |    830 |   2 |  869.5 |
       Dungeon |   1739 |   1704 |     35 |    695 |    830 |   2 |  869.5 |
               +--------+--------+--------+--------+--------+-----+--------+

Top non-repeatable levels by time:
     D:1: 1265 daAuts
     D:2: 474 daAuts
